 Dungeon Crawl Stone Soup version 0.30.0-29-ga12c61a403 (webtiles) character file.

Game seed: 2982639099578861762

40 qw the Chopper (level 3, -5/23 HPs)
             Began as a Gargoyle Fighter on June 3, 2023.
             Slain by Sigmund
             ... wielding a +0 scythe
              (12 damage)
             ... on level 2 of the Dungeon.
             The game lasted 00:00:33 (699 turns).

qw the Chopper (Gargoyle Fighter)                    Turns: 699, Time: 00:00:33

Health: -5/23      AC: 12    Str: 21    XL:     3   Next: 50%
Magic:  3/3        EV:  9    Int:  8    God:
Gold:   65         SH:  9    Dex:  9    Spells: 2/2 levels left

rFire   . . .        Y - +1 war axe
rCold   . . .        c - +0 buckler
rNeg    + . .        b - +0 scale mail
rPois   inf          l - +0 helmet
rElec   +            m - +0 cloak
rCorr   .            (no gloves)
SInv    .            (no boots)
Will    .....        e - amulet of reflection Stlth
                     (no ring)
HPRegen 0.23/turn    (no ring)
MPRegen 0.08/turn

%: reflection
@: no status effects
A: sickness immunity, AC +3, negative energy resistance 1, electricity
resistance, torment resistance 1, petrification resistance
a: no special abilities


You were on level 2 of the Dungeon.
You visited 1 branch of the dungeon, and saw 2 of its levels.

You collected 65 gold pieces.


Innate Abilities, Weirdness & Mutations

You are immune to sickness and miasma.
Your stone body is resilient. (AC +3)
You are immune to poison.
You resist negative energy. (rN+)
You are resistant to electric shocks. (rElec)
You are resistant to unholy torment.
You are immune to petrification.


   Skills:
 - Level 3.2 Fighting
 + Level 3.4 Axes
 - Level 3.2 Armour
 - Level 3.2 Shields


You had 2 spell levels left.
You didn't know any spells.
Your spell library was empty.

Inventory:

Hand Weapons
 f - a +0 whip
 Y - a +1 war axe (weapon)
Armour
 b - a +0 scale mail (worn)
 c - a +0 buckler (worn)
 l - a +0 helmet (worn)
 m - a +0 cloak (worn)
Jewellery
 e - an amulet of reflection (around neck)
Scrolls
 a - 2 scrolls of teleportation {unknown}
Potions
 d - 3 potions of might
 g - a potion of attraction {unknown}
 h - a potion of ambrosia {unknown}

Dungeon Overview and Level Annotations

Branches:
Dungeon (2/15)

Altars:

Annotations:
D:2 Sigmund


Message History

There is an open door here.
There is an open door, spattered with blood here.
You see here an adder corpse.
Found a ring mail.
You open the door.
There is an open door here.
Sigmund the Dreaded comes into view.
He is wielding a +0 scythe.
Sigmund shouts!
Enter note: Sigmund screams, "Don't try to resist!"
Enter note:
Enter note: Sigmund gestures at you while chanting.
You are confused.
Enter note: Sigmund hits you but does no damage.
Sigmund drinks a potion.
Sigmund seems to grow stronger.
Sigmund gestures wildly while chanting.
Sigmund flickers and vanishes!
Deactivating autopickup; reactivate with Ctrl-A.
You hear some strange, mumbled words.
A magic dart appears from out of thin air!
The magic dart hits you!
Enter note: You miss something.
Something hits you!
You feel less confused.
You hear some strange, mumbled words.
A puff of flame appears from out of thin air!
You block puff of flame... and reflect it back!
You swing at nothing.
You hear some strange, mumbled words.
Something tries to affect you, but you resist.
Something hits you.
You swing at nothing.
Something hits you but does no damage.
You swing at nothing.
Something hits you!
Ouch! That really hurt!
You die...

......#.....# ##.........
#######.....# #..........
#######.....###.........#
........(...##..........#
######......##..........#
.#####......##..........#
.+..........'....{......#
.######.....###...[.....#
.# #............@.#.#####
.###.############## #
.%...# .##### .# .# ##


There were no monsters in sight!

Vanquished Creatures
  An adder (D:2)
  2 dart slugs (D:1)
  2 endoplasms
  2 giant cockroaches (D:1)
  3 goblins (D:1)
  2 hobgoblins (D:1)
  A quokka (D:1)
  2 ball pythons
  A bat (D:1)
  5 frilled lizards
  3 kobolds (D:1)
  4 rats (D:1)
28 creatures vanquished.

Notes
Turn   | Place    | Note
-------+----------+-------------------------------------------
     0 | D:1      | qw the Gargoyle Fighter began the quest for the Orb.
     0 | D:1      | Reached XP level 1. HP: 14/14 MP: 1/1
     0 | D:1      | 0 ||| qw: Version: 0.2-a-103-g5a998e5
     0 | D:1      | 0 ||| qw: Game counter: 1126
     0 | D:1      | 0 ||| qw: Always use a shield: true
     0 | D:1      | 0 ||| qw: God list: Okawaru
     0 | D:1      | 0 ||| qw: Allow faded altars: false
     0 | D:1      | 0 ||| qw: Do Orc after D:15 true
     0 | D:1      | 0 ||| qw: Do second Lair branch before Depths: true
     0 | D:1      | 0 ||| qw: Lair rune preference: random
     0 | D:1      | 0 ||| qw: Plans: Normal, Zot:1-4, Slime:5, God:TSO, Crypt,
                  | Tomb, Pan, Hells, Abyss, Win
     0 | D:1      | 0 ||| PLANNING D:1-11
   100 | D:1      | Reached XP level 2. HP: 19/19 MP: 2/2
   103 | D:1      | 103 ||| Stepping ~*~*~tactically~*~*~ (stealth).
   150 | D:1      | 150 ||| Stepping ~*~*~tactically~*~*~ (stealth).
   151 | D:1      | 151 ||| Stepping ~*~*~tactically~*~*~ (stealth).
   166 | D:1      | 166 ||| FLEEEEING.
   189 | D:1      | 189 ||| Stepping ~*~*~tactically~*~*~ (stealth).
   192 | D:1      | 192 ||| Stepping ~*~*~tactically~*~*~ (stealth).
   213 | D:1      | Reached skill level 3 in Axes
   286 | D:1      | 286 ||| Stepping ~*~*~tactically~*~*~ (stealth).
   304 | D:1      | Reached XP level 3. HP: 14/23 MP: 3/3
   432 | D:1      | 432 ||| Stepping ~*~*~tactically~*~*~ (hiding).
   532 | D:1      | 532 ||| UPGRADING to +0 helmet.
   537 | D:1      | 537 ||| UPGRADING to +0 cloak.
   542 | D:1      | 542 ||| UPGRADING to amulet of reflection.
   547 | D:1      | 547 ||| READING scroll labelled SEPTEE CYFOOWI.
   548 | D:1      | 548 ||| READING scroll labelled PIKEUZ HAENEN.
   549 | D:1      | 549 ||| READING scroll labelled NIOV DIUWOKIK.
   550 | D:1      | 550 ||| READING scroll labelled ISHEHOLIUT.
   686 | D:2      | Noticed Sigmund
   699 | D:2      | Slain by Sigmund

Levels and vault maps discovered:
D:1:      scummos_arrival_forest, layout_basic, minmay_split_cup_large
D:2:      layout_basic, uniq_sigmund

Skill      XL: |  1  2 |
---------------+-------+-----
Axes           | 2 3 |  3.4
Fighting       | |  3.2
Armour         | |  3.2
Shields        | |  3.2

Action                     || total
---------------------------++-------
  Melee: War axe           ||    77
    Use: Scroll            ||     4
 Armour: Scale mail        ||    25
  Dodge: Dodged            ||    31
  Block: Buckler           ||    19
         Reflection        ||     1

Table legend:
 A = Non-vault XP
 B = Vault XP
 C = Vault XP percentage of total XP
 D = Non-vault monster count
 E = Vault monster count
 F = Vault count percentage of total count
                 A         B        C        D         E       F
            +---------+---------+-------+---------+---------+-------
      Total |      51 |       7 |  12.1 |      24 |       4 |  14.3
            +---------+---------+-------+---------+---------+-------
        D:1 |      34 |       7 |  17.1 |      20 |       4 |  16.7
        D:2 |      17 |       0 |   0.0 |       4 |       0 |   0.0
            +---------+---------+-------+---------+---------+-------
